 Dungeon Crawl Stone Soup version 0.22.1-2-g9c5b331 (webtiles) character file.

629 Matador8 the Slasher (level 7, -3/50 HPs)
             Began as a Human Gladiator on Dec 20, 2018.
             Slain by a centaur
             ... wielding a +0 spear
              (4 damage)
             ... on level 5 of the Dungeon.
             The game lasted 00:18:40 (3631 turns).

Matador8 the Slasher (Human Gladiator)              Turns: 3631, Time: 00:18:41

Health: -3/50      AC:  9    Str: 14    XL:     7   Next: 77%
Magic:  7/7        EV: 11    Int: 10    God:
Gold:   286        SH:  0    Dex: 15    Spells: 6/6 levels left

rFire    + . .     SeeInvis .   a - +0 long sword
rCold    . . .     Gourm    .   (no shield)
rNeg     . . .     Faith    .   l - +0 ring mail
rPois    .         Spirit   .   c - +0 helmet
rElec    .         Reflect  .   y - +0 cloak
rCorr    .         Harm     .   (no gloves)
MR       .....                  (no boots)
Stlth    +.........             (no amulet)
HPRegen  0.16/turn              n - ring of protection from fire
MPRegen  0.10/turn              v - +2 ring of protection

@: drained
A: no striking features
a: no special abilities


You were on level 5 of the Dungeon.
You were not hungry.

You visited 1 branch of the dungeon, and saw 5 of its levels.

You collected 286 gold pieces.

Inventory:

Hand Weapons
 a - a +0 long sword (weapon)
Missiles
 d - 2 throwing nets (quivered)
 e - 169 stones
 g - 82 sling bullets
Armour
 c - a +0 helmet (worn)
 l - a +0 ring mail (worn)
 w - a +0 plate armour
 y - a +0 cloak (worn)
Jewellery
 n - a ring of protection from fire (left hand)
 o - an uncursed amulet of harm
 v - a +2 ring of protection (right hand)
Scrolls
 i - 2 scrolls of teleportation {unknown}
 j - 2 scrolls of remove curse
 k - 2 scrolls of immolation {unknown}
 m - 2 scrolls of fog {unknown}
 p - 3 scrolls of magic mapping {unknown}
 q - 3 scrolls of identify
 s - a scroll of amnesia {unknown}
 x - a scroll of blinking {unknown}
Potions
 b - a potion of might {unknown}
 h - a potion of curing
 r - 2 potions of agility {unknown}
 t - a potion of magic {unknown}
 u - a potion of flight {unknown}
 z - 2 potions of berserk rage {unknown}
 A - a potion of degeneration {unknown}
 B - a potion of mutation {unknown}
 D - a potion of resistance {unknown}
Comestibles
 f - 9 rations
 C - 4 chunks of flesh


   Skills:
 - Level 2.0(1.5) Fighting
 * Level 7.6(7.0) Long Blades
 - Level 4.1(3.6) Throwing
 - Level 3.0(2.5) Dodging


You had 6 spell levels left.
You didn't know any spells.
Your spell library was empty.

Dungeon Overview and Level Annotations

Branches:
Dungeon (5/15)
 Temple: D:4-7

Altars:
Ashenzari
Nemelex Xobeh
Sif Muna
Trog
Yredelemnul
Zin

Shops:
D:5 (


Message History

The centaur is moderately wounded.
You slash the centaur!
The centaur is severely wounded.
The centaur closely misses you.
The centaur hits you with an uncursed spear.
* * * LOW HITPOINT WARNING * * *
You hit the centaur.
The centaur is almost dead.
The centaur barely misses you.
The centaur hits you but does no damage.
You hit the centaur.
The centaur is almost dead.
The centaur hits you with an uncursed spear.
* * * LOW HITPOINT WARNING * * *
You hit the centaur but do no damage.
The centaur is almost dead.
The centaur hits you with an uncursed spear.
* * * LOW HITPOINT WARNING * * *
The centaur hits you with an uncursed spear.
You die...

#...##.###
#........#
#..>#.##.#
#####.##.# #)##.##
##(#...####..
#.(..........
#.(#.∩.####..#
#..(((@c.....##
#..##.###.....#
<.......### ##.#
#.#######..... #.#
#.###.###<######..
#.# #...o.........
#.#####..######...
#..o.oo.##
#.#######


You could see a centaur.

Vanquished Creatures
  Eustachio (D:3)
  A phantom (D:5)
  An ogre (D:5)
  A scorpion (D:4)
  A crimson imp (D:5)
  A gnoll shaman (D:4)
  2 worker ants
  A hound skeleton (D:5)
  3 gnolls (D:4)
  2 adders (D:5)
  2 oozes
  An adder skeleton (D:5)
  A worm (D:2)
  2 dart slugs (D:1)
  3 leopard geckos
  4 orcs
  5 giant cockroaches
  8 goblins
  10 hobgoblins
  10 jackals
  2 quokkas
  8 bats
  6 frilled lizards
  4 kobolds
  2 leopard gecko skeletons (D:4)
  A quokka zombie (D:5)
  5 rats
88 creatures vanquished.

Notes
Turn   | Place    | Note
-------+----------+-------------------------------------------
     0 | D:1      | Matador8 the Human Gladiator began the quest for the Orb.
     0 | D:1      | Reached XP level 1. HP: 16/16 MP: 1/1
   149 | D:1      | Reached XP level 2. HP: 22/22 MP: 2/2
   245 | D:1      | Reached XP level 3. HP: 27/27 MP: 3/3
   381 | D:1      | Reached skill level 4 in Long Blades
   871 | D:2      | Found a deep blue altar of Sif Muna.
   876 | D:2      | Found a shattered altar of Ashenzari.
   902 | D:2      | Reached XP level 4. HP: 29/33 MP: 4/4
  1694 | D:3      | Found a sparkling altar of Nemelex Xobeh.
  2042 | D:4      | Reached XP level 5. HP: 30/38 MP: 5/5
  2253 | D:4      | Reached skill level 5 in Long Blades
  2287 | D:4      | Noticed Eustachio
  2605 | D:3      | Killed Eustachio
  2605 | D:3      | Reached skill level 6 in Long Blades
  2605 | D:3      | Reached XP level 6. HP: 26/44 MP: 6/6
  3063 | D:5      | Entered Level 5 of the Dungeon
  3082 | D:5      | Reached XP level 7. HP: 35/50 MP: 7/7
  3354 | D:5      | Found a bloodstained altar of Trog.
  3357 | D:5      | Found a basalt altar of Yredelemnul.
  3358 | D:5      | Found a glowing silver altar of Zin.
  3475 | D:5      | Reached skill level 7 in Long Blades
  3620 | D:5      | Found Efaimipn's Antique Weapon Shoppe.
  3625 | D:5      | HP: 1/50 [centaur/arrow (9)]
  3630 | D:5      | HP: 2/50 [centaur/uncursed spear (4)]
  3631 | D:5      | Slain by a centaur

Skill      XL: |  1  2  3  4  5  6  7 |
---------------+----------------------+-----
Long Blades    | 4 6 7 |  7.6
Throwing       | 3 4 |  4.1
Fighting       | |  2.0
Dodging        | |  3.0

Action                   |  1- 3 |  4- 6 |  7- 9 || total
-------------------------+-------+-------+-------++-------
Melee: Long sword        |    90 |   177 |    78 ||   345
Throw: Throwing net      |       |     5 |     1 ||     6
       Stone             |       |     1 |       ||     1
  Use: Scroll            |       |     2 |       ||     2
       Potion            |       |       |     1 ||     1
 Stab: Sleeping          |     1 |       |       ||     1
       Held in net/web   |       |     1 |     2 ||     3
  Eat: Chunk             |       |     5 |     1 ||     6
       Ration            |       |     1 |       ||     1
Armor: Leather armour    |    31 |       |       ||    31
       Ring mail         |    10 |    68 |    31 ||   109
Dodge: Dodged            |    83 |   112 |    30 ||   225
       Rpst.: Long sword |    19 |    37 |    12 ||    68
